 Dungeon Crawl Stone Soup version 0.30-a0-141-g30f27751c5 (webtiles) character file.

Game seed: 15372673090588919946

55410 qw the Cleaver (level 14, -10/90 HPs)
             Began as a Gargoyle Fighter on Sept 25, 2022.
             Was a High Priest of Okawaru.
             Killed from afar by a deep elf knight (33 damage)
             ... with a shard of ice
             ... on level 12 of the Dungeon.
             The game lasted 00:08:14 (17408 turns).

qw the Cleaver (Gargoyle Fighter)                  Turns: 17408, Time: 00:08:15

Health: -10/90     AC: 49    Str: 21    XL:     14   Next: 77%
Magic:  21/21      EV:  7    Int: 16    God:    Okawaru [*****.]
Gold:   1227       SH: 19    Dex:  9    Spells: 13/13 levels left

rFire   + . .      SeeInvis .    o - +4 war axe (vamp)
rCold   + . .      Faith    .    m - +2 kite shield
rNeg    + . .      Spirit   .    h - +2 crystal plate armour of Hadjma {Str-3 Int+6}
rPois   inf        Reflect  +    y - +2 hat
rElec   +          Harm     .    b - +0 cloak
rCorr   .          Rampage  .    t - +2 pair of gloves of Qimehat {rF+ rC+}
Will    +....                    (no boots)
Stlth   ..........               s - amulet of reflection
HPRegen 0.25/turn                e - +4 ring of protection
MPRegen 0.17/turn                (no ring)

@: heroic, flying
A: sickness immunity, AC +10, big wings, negative energy resistance 1,
electricity resistance, torment resistance 1, petrification resistance, subdued
magic 1, sturdy frame 1
a: Renounce Religion, Heroism, Finesse, Duel


You were on level 12 of the Dungeon.
You worshipped Okawaru.
Okawaru was extremely pleased with you.
You visited 2 branches of the dungeon, and saw 17 of its levels.

You collected 1311 gold pieces.
You spent 84 gold pieces at shops.


Innate Abilities, Weirdness & Mutations

You are immune to sickness and miasma.
Your stone body is resilient. (AC +10)
You are immune to poison.
Your large and strong wings let you fly.
You resist negative energy. (rN+)
You are resistant to electric shocks. (rElec)
You are resistant to unholy torment.
You are immune to petrification.
Your spells are a little easier to cast, but a little less powerful.
Your movements are slightly less encumbered by armour. (ER -2)


   Skills:
 - Level 11.0(16.0) Fighting
 - Level 14.0(19.0) Axes
 - Level 5.1(10.1) Throwing
 - Level 13.0(18.0) Armour
 - Level 1.2(6.2) Dodging
 + Level 11.1(16.1) Shields
 - Level 10.1 Invocations


You had 13 spell levels left.
You didn't know any spells.
Your spell library was empty.

Inventory:

Hand Weapons
 g - a +1 war axe of flaming
 k - a +3 broad axe of draining
 o - a +4 vampiric war axe (weapon)
Missiles
 i - 4 javelins
 u - 5 silver javelins (quivered)
Armour
 b - a +0 cloak (worn)
 f - +0 acid dragon scales
 h - the +2 crystal plate armour of Hadjma (worn) {Str-3 Int+6}
   (You acquired it on level 6 of the Dungeon)

   Str:       It affects your strength (-3).
   Int:       It affects your intelligence (+6).
 m - a +2 kite shield (worn)
 r - a +0 pair of boots
 t - the +2 pair of gloves of Qimehat (worn) {rF+ rC+}
   (You acquired it on level 1 of the Lair of Beasts)

   rF:        It protects you from fire.
   rC:        It protects you from cold.
 y - a +2 hat (worn)
 z - the +0 pair of boots of the Sky {Rampage *Corrode SInv}
   (You acquired it on level 12 of the Dungeon)

   SInv:      It lets you see invisible.
   *Corrode:  It may corrode you when you take damage.
   Rampage:   It bestows one free step when moving towards enemies.
Jewellery
 e - a +4 ring of protection (left hand)
 s - an amulet of reflection (around neck)
Scrolls
 a - 2 scrolls of teleportation
 l - a scroll of brand weapon
 q - 8 scrolls of identify
 w - a scroll of fog {unknown}
 x - 2 scrolls of acquirement
Potions
 d - 4 potions of might
 j - 2 potions of attraction
 n - 6 potions of lignification
 p - 5 potions of mutation
 v - 2 potions of magic

Dungeon Overview and Level Annotations

Branches:
Dungeon (12/15)            Temple (0/1) D:4            Lair (5/5) D:9
 Shoals (0/4) Lair:3        Snake (0/4) Lair:2        Slime (0/5) Lair:5
    Orc (0/2) D:9

Altars:
Elyvilon
Fedhas
Nemelex Xobeh
Okawaru
Qazlal
Sif Muna
Trog
Wu Jian
Zin
Jiyva

Shops:
D:1 !=[*   D:4 (   D:8 [   D:10 (

Portals:
Trove: D:12 (give 6 scrolls of fog)

Annotations:
Lair:2 3 runed translucent doors, qw's ghost, journeyman GrFi


Message History

The deep elf archer wields a +1 shortbow of flaming.
It bursts into flame!
The deep elf archer shoots an arrow.
The arrow hits you! The arrow burns you.
The deep elf archer shoots an arrow.
The arrow closely misses you.
You hear some strange, mumbled words.
A lance of force appears from out of thin air!
The lance of force hits you!!
You are knocked back by the lance of force.
You slam into the rock wall!
The deep elf archer unwields a +0 shortbow.
The deep elf archer wields a +0 short sword.
You block the deep elf archer's attack.
The deep elf archer shoots an arrow.
You reflect the arrow off an invisible shield around you!
The arrow hits the deep elf archer!!
The arrow burns the deep elf archer.
You kill the deep elf archer!
Okawaru accepts your kill.
Your base Fighting skill increases to level 11!
You block something's attack.
The deep elf archer gestures wildly while chanting.
The deep elf archer blinks!
17400 ||| FLEEEEING.
You hear some strange, mumbled words.
A lance of force appears from out of thin air!
The lance of force hits you.
You are knocked back by the lance of force.
You slam into the rock wall!
You see here a +0 rapier.
17403 ||| FLEEEEING.
You block something's attack. Something hits you but does no damage.
You hear some strange, mumbled words.
A lance of force appears from out of thin air!
The lance of force reflects off an invisible shield around you!
You hear some strange, mumbled words.
A shard of ice appears from out of thin air!
The shard of ice reflects off an invisible shield around you!
You hear some strange, mumbled words.
A shard of ice appears from out of thin air!
The shard of ice hits you!! You partially resist.
You die...

..#..#..#..#..#..#.....##...
...........{..).............
##..#########)##..>.........
## .............#.###......
#######.####.#.###......
#.##..............
#{............(...
#.................
#@................
#.................
#.##..............
##########.##..............
#<.........##.........#####
###############.....#######
........%.....# #...#
#####...#.....# #....
#.............# #....


There were no monsters in sight!

Vanquished Creatures
  Rupert (D:12)
  5 hydras
  A vault guard (D:12)
  A catoblepas (Lair:5)
  A two-headed ogre (D:9)
  A deep elf knight (D:12)
  Amaemon (Lair:2)
  A goliath frog (Lair:5)
  A deep elf archer (D:12)
  Pikel (D:8)
  7 deep elf zephyrmancers (D:12)
  4 deep elf pyromancers (D:12)
  2 manticores
  2 cyclopes
  2 black mambas (Lair:2)
  Maurice (D:9)
  6 elephants (Lair:5)
  19 cane toads
  2 gargoyles
  A torpor snail (Lair:5)
  An orange demon (Lair:2)
  Maggie (D:7)
  3 rime drakes
  9 komodo dragons
  An unseen horror (D:12)
  A tengu conjurer (D:10)
  6 trolls
  A polar bear (shapeshifter) (D:10)
  A polar bear (Lair:3)
  A wind drake (Lair:3)
  A hornet (D:9)
  3 tyrant leeches (Lair:5)
  Grinder (D:5)
  27 blink frogs
  15 dream sheep
  A vampire (D:11)
  A ynoxinul (D:8)
  A wraith (D:12)
  A shadow (D:11)
  5 wyverns
  Grum (Lair:1)
  43 yaks
  6 basilisks
  2 steam dragons
  5 vampire mosquitoes (Lair:5)
  A warg (D:9)
  4 acid dragons (D:11)
  10 water moccasins
  2 black bears (D:5)
  An ogre (D:4)
  15 wolves
  6 centaurs
  2 kobold brigands
  15 bullfrogs
  A gnoll sergeant (D:7)
  2 necrophages
  3 scorpions
  9 wights
  6 killer bees (D:8)
  2 electric eels
  6 howler monkeys
  2 jellies (Lair:5)
  3 hounds
  5 orc priests
  Terence (D:2)
  2 iguanas
  9 orc wizards
  11 hell rats
  6 gnolls
  5 adders
  A white imp (D:6)
  An ufetubus (D:6)
  A worm (D:3)
  9 dart slugs
  31 orcs
  12 bats
  13 endoplasms
  2 giant cockroaches (D:3)
  4 goblins
  7 hobgoblins
  3 jackals (D:2)
  17 kobolds
  2 quokkas
  5 ball pythons
  3 frilled lizards
  2 rats
440 creatures vanquished.

Vanquished Creatures (others)
  A deep elf pyromancer (D:12)
  21 fungi
  70 plants
92 creatures vanquished.

Grand Total: 532 creatures vanquished

Notes
Turn   | Place    | Note
-------+----------+-------------------------------------------
     0 | D:1      | qw the Gargoyle Fighter began the quest for the Orb.
     0 | D:1      | Reached XP level 1. HP: 14/14 MP: 1/1
     0 | D:1      | 0 ||| qw: Version: 0.2-a-10-g399e6c4
     0 | D:1      | 0 ||| qw: Game counter: 152
     0 | D:1      | 0 ||| qw: Always use a shield: true
     0 | D:1      | 0 ||| qw: God list: Okawaru
     0 | D:1      | 0 ||| qw: Allow faded altars: false
     0 | D:1      | 0 ||| qw: Do Orc after D:15 true
     0 | D:1      | 0 ||| qw: Do second Lair branch before Depths: true
     0 | D:1      | 0 ||| qw: Lair rune preference: random
     0 | D:1      | 0 ||| qw: Plans: Normal, Zot:1-4, God:TSO, Crypt, Tomb,
                  | Pan, Slime:5, Hells, Abyss, Orb
     0 | D:1      | 0 ||| PLANNING D:1-11
   145 | D:1      | Reached skill level 2 in Axes
   277 | D:1      | Reached XP level 2. HP: 19/19 MP: 2/2
   310 | D:1      | Found Zomomn's Assorted Antiques.
   311 | D:1      | 311 ||| Stepping ~*~*~tactically~*~*~ (hiding).
   331 | D:1      | 331 ||| SHOPLISTING amethyst potion (18 gold, have 12).
   331 | D:1      | 331 ||| SHOPLISTING fizzy emerald potion (18 gold, have
                  | 12).
   331 | D:1      | 331 ||| SHOPLISTING scroll labelled BYID ROKUMP (21 gold,
                  | have 12).
   331 | D:1      | 331 ||| SHOPLISTING scroll labelled YHEOTENK OLOSY (21
                  | gold, have 12).
   331 | D:1      | 331 ||| SHOPLISTING shiny chain mail (157 gold, have 12).
   331 | D:1      | 331 ||| SHOPLISTING twitching iron amulet (105 gold, have
                  | 12).
   341 | D:1      | Found Bethra's Antique Armour Boutique.
   363 | D:1      | 363 ||| SHOPLISTING pair of runed boots (172 gold, have
                  | 43).
   363 | D:1      | 363 ||| SHOPLISTING pair of runed gloves (172 gold, have
                  | 43).
   363 | D:1      | 363 ||| SHOPLISTING pitted chain mail (218 gold, have 43).
   363 | D:1      | 363 ||| SHOPLISTING runed chain mail (172 gold, have 43).
   373 | D:1      | Found Ixour's Distillery.
   383 | D:1      | 383 ||| SHOPLISTING 2 potions of haste (280 gold, have 85).
   383 | D:1      | 383 ||| BUYING potion of attraction (42 gold).
   383 | D:1      | Bought a potion of attraction for 42 gold pieces
   383 | D:1      | 383 ||| BUYING potion of curing (42 gold).
   383 | D:1      | Bought a potion of curing for 42 gold pieces
   383 | D:1      | 383 ||| SHOPLISTING potion of curing (42 gold, have 1).
   383 | D:1      | 383 ||| SHOPLISTING potion of lignification (42 gold, have
                  | 1).
   383 | D:1      | 383 ||| SHOPLISTING potion of might (56 gold, have 1).
   424 | D:1      | Found Livouhor's Jewellery Emporium.
   481 | D:1      | 481 ||| SHOPLISTING +6 ring of dexterity (468 gold, have
                  | 1).
   481 | D:1      | 481 ||| SHOPLISTING ring "Doibi" {*Corrode rPois SInv
                  | Stlth+} (369 gold, have 1).
   481 | D:1      | 481 ||| SHOPLISTING ring of ice (325 gold, have 1).
   481 | D:1      | 481 ||| SHOPLISTING ring of protection from cold (325 gold,
                  | have 1).
   481 | D:1      | 481 ||| SHOPLISTING ring of willpower (325 gold, have 1).
   510 | D:1      | 510 ||| UPGRADING to +2 pair of gloves.
   581 | D:1      | Reached skill level 3 in Axes
   809 | D:1      | 809 ||| UPGRADING to +4 ring of protection.
   810 | D:1      | 810 ||| READING scroll labelled DASHRU DILAQU.
   813 | D:1      | 813 ||| READING scroll labelled YKOXUT GYCW.
   814 | D:1      | 814 ||| READING scroll labelled DAW TEOKIXTAUCE.
   815 | D:1      | 815 ||| READING scroll labelled GIPUANIN PUXADO.
   816 | D:1      | 816 ||| READING 2 scrolls labelled YHEOTENK OLOSY.
   817 | D:1      | 817 ||| DRINKING 2 emerald potions.
   817 | D:1      | Gained mutation: Your movements are slightly less
                  | encumbered by armour. (ER -2) [potion of mutation]
   817 | D:1      | Gained mutation: Your spells are a little easier to cast,
                  | but a little less powerful. [potion of mutation]
   835 | D:2      | 835 ||| STAIRDANCE
   839 | D:1      | Reached XP level 3. HP: 22/23 MP: 3/3
   916 | D:2      | Found a glowing silver altar of Zin.
   927 | D:2      | 927 ||| Stepping ~*~*~tactically~*~*~ (stealth).
   968 | D:2      | 968 ||| DROPPING +0 club.
  1028 | D:2      | 1028 ||| Stepping ~*~*~tactically~*~*~ (hiding).
  1031 | D:2      | 1031 ||| Stepping ~*~*~tactically~*~*~ (hiding).
  1041 | D:2      | Noticed Terence
  1056 | D:2      | Killed Terence
  1057 | D:2      | Reached XP level 4. HP: 21/28 MP: 4/4
  1328 | D:2      | Reached skill level 4 in Axes
  1579 | D:2      | Identified the +6 scale mail of the Valley of Death {Harm
                  | Stlth+}
  1938 | D:2      | 1938 ||| DROPPING +0 whip.
  1947 | D:2      | 1947 ||| READING scroll labelled NYTAVO RAEC.
  1948 | D:2      | 1948 ||| READING scroll labelled FAPUIN SULA.
  1949 | D:2      | 1949 ||| READING 2 scrolls of identify.
  1949 | D:2      | 1949 ||| IDENTIFYING viscous brown potion
  1950 | D:2      | 1950 ||| DROPPING potion of flight.
  2020 | D:3      | 2020 ||| Stepping ~*~*~tactically~*~*~ (stealth).
  2023 | D:3      | 2023 ||| Stepping ~*~*~tactically~*~*~ (stealth).
  2025 | D:3      | 2025 ||| Stepping ~*~*~tactically~*~*~ (stealth).
  2036 | D:3      | 2036 ||| Stepping ~*~*~tactically~*~*~ (hiding).
  2051 | D:3      | Reached XP level 5. HP: 32/32 MP: 5/5
  2108 | D:3      | 2108 ||| Stepping ~*~*~tactically~*~*~ (stealth).
  2218 | D:3      | Found a stormy altar of Qazlal.
  2283 | D:3      | 2283 ||| Stepping ~*~*~tactically~*~*~ (hiding).
  2302 | D:3      | 2302 ||| Stepping ~*~*~tactically~*~*~ (hiding).
  2304 | D:3      | 2304 ||| Stepping ~*~*~tactically~*~*~ (hiding).
  2305 | D:3      | 2305 ||| Stepping ~*~*~tactically~*~*~ (hiding).
  2369 | D:3      | 2369 ||| DROPPING +0 whip of flaming.
  2451 | D:3      | Reached skill level 5 in Axes
  2773 | D:3      | 2773 ||| Stepping ~*~*~tactically~*~*~ (hiding).
  2808 | D:3      | 2808 ||| UPGRADING to +0 chain mail.
  2818 | D:3      | 2818 ||| DROPPING +0 scale mail.
  2819 | D:3      | 2819 ||| READING 7 scrolls of identify.
  2819 | D:3      | 2819 ||| IDENTIFYING lumpy clear potion
  2820 | D:3      | 2820 ||| READING 6 scrolls of identify.
  2820 | D:3      | 2820 ||| IDENTIFYING pink potion
  2821 | D:3      | 2821 ||| DROPPING potion of degeneration.
  2901 | D:4      | Found Aqing's Antique Weapon Boutique.
  2913 | D:4      | Reached XP level 6. HP: 38/38 MP: 6/6
  2950 | D:4      | You fall into a shaft and drop 3 floors!
  2955 | D:7      | 2955 ||| Stepping ~*~*~tactically~*~*~ (stealth).
  2958 | D:7      | 2958 ||| Stepping ~*~*~tactically~*~*~ (stealth).
  2967 | D:7      | 2967 ||| Stepping ~*~*~tactically~*~*~ (hiding).
  2969 | D:7      | 2969 ||| Stepping ~*~*~tactically~*~*~ (hiding).
  2970 | D:7      | 2970 ||| Stepping ~*~*~tactically~*~*~ (hiding).
  2983 | D:7      | HP: 8/38 [gnoll/+0 halberd[a gnoll sergeant] (6)]
  2984 | D:7      | 2984 ||| READING scroll of teleportation.
  3087 | D:7      | 3087 ||| Stepping ~*~*~tactically~*~*~ (hiding).
  3347 | D:7      | 3347 ||| UPGRADING to +2 kite shield.
  3357 | D:7      | 3357 ||| DROPPING +0 buckler.
  3358 | D:7      | 3358 ||| UPGRADING to amulet of the acrobat.
  3363 | D:7      | 3363 ||| READING scroll labelled ULAOLEDE BUERR.
  3464 | D:7      | 3464 ||| READING scroll labelled ZILUS KIOTIPON.
  3478 | D:6      | 3478 ||| DRINKING potion of curing.
  3478 | D:6      | 3478 ||| (to cure confusion)
  3510 | D:6      | 3510 ||| FLEEEEING.
  3511 | D:6      | 3511 ||| FLEEEEING.
  3512 | D:6      | 3512 ||| STAIRDANCE
  3513 | D:5      | Entered Level 5 of the Dungeon
  3534 | D:5      | Found an iron altar of Okawaru.
  3534 | D:5      | Found an ornate altar of the Wu Jian Council.
  3535 | D:5      | 3535 ||| PLANNING OKAWARU WORSHIP
  3538 | D:5      | Became a worshipper of Warmaster Okawaru
  3539 | D:5      | 3539 ||| PLANNING D:1-11
  3547 | D:5      | 3547 ||| Stepping ~*~*~tactically~*~*~ (stealth).
  3548 | D:5      | 3548 ||| Stepping ~*~*~tactically~*~*~ (stealth).
  3555 | D:5      | Noticed Grinder
  3562 | D:5      | Noticed a black bear
  3567 | D:5      | HP: 7/38 [orc priest/divine providence (15)]
  3570 | D:5      | Reached XP level 7. HP: 7/43 MP: 7/7
  3575 | D:5      | Killed Grinder
  3576 | D:5      | Reached skill level 6 in Shields
  3580 | D:5      | HP: 5/43 [black bear (2)]
  3584 | D:5      | HP: 2/43 [black bear (3)]
  3585 | D:5      | Reached * piety under Okawaru
  3586 | D:5      | Reached skill level 6 in Axes
  3988 | D:4      | Reached skill level 1 in Dodging
  3993 | D:4      | 3993 ||| INVOKING Heroism.
  4001 | D:4      | Reached skill level 1 in Invocations
  4001 | D:4      | Reached XP level 8. HP: 48/48 MP: 5/8
  4003 | D:4      | 4003 ||| INVOKING Heroism.
  4017 | D:4      | 4017 ||| INVOKING Heroism.
  4350 | D:4      | 4350 ||| Stepping ~*~*~tactically~*~*~ (stealth).
  4351 | D:4      | Identified the +3 trident of the Trees {flame, Stlth+}
  4353 | D:4      | 4353 ||| Stepping ~*~*~tactically~*~*~ (stealth).
  4378 | D:4      | Found a blossoming altar of Fedhas.
  4706 | D:4      | Found a staircase to the Ecumenical Temple.
  4707 | D:4      | 4707 ||| INVOKING Heroism.
  4826 | D:4      | 4826 ||| READING 2 scrolls labelled YTIRGH YQAI.
  4827 | D:4      | 4827 ||| READING scroll of enchant weapon.
  4827 | D:4      | 4827 ||| ENCHANTING +0 vampiric war axe.
  4828 | D:4      | 4828 ||| READING scroll labelled UFADEHE GIGIA.
  4957 | D:5      | 4957 ||| INVOKING Heroism.
  4965 | D:5      | Reached skill level 7 in Axes
  5110 | D:5      | Found a white marble altar of Elyvilon.
  5196 | D:5      | 5196 ||| UPGRADING to +0 cloak.
  5253 | D:6      | 5253 ||| Stepping ~*~*~tactically~*~*~ (hiding).
  5525 | D:6      | Reached skill level 3 in Invocations
  5765 | D:6      | 5765 ||| DROPPING amulet of magic regeneration.
  5766 | D:6      | 5766 ||| READING 7 scrolls of identify.
  5766 | D:6      | 5766 ||| IDENTIFYING ruby potion
  5767 | D:6      | 5767 ||| DROPPING potion of berserk rage.
  5782 | D:7      | Noticed Maggie
  5797 | D:7      | 5797 ||| INVOKING Heroism.
  5798 | D:7      | HP: 10/48 [Maggie/bolt of fire (15)]
  5799 | D:7      | 5799 ||| READING scroll of teleportation.
  5814 | D:7      | 5814 ||| INVOKING Heroism.
  5825 | D:7      | HP: 11/49 [wight/+0 short sword (3)]
  5830 | D:7      | 5830 ||| FLEEEEING.
  5831 | D:7      | 5831 ||| FLEEEEING.
  5832 | D:7      | 5832 ||| FLEEEEING.
  5833 | D:7      | 5833 ||| FLEEEEING.
  5834 | D:7      | 5834 ||| FLEEEEING.
  5835 | D:7      | 5835 ||| FLEEEEING.
  5836 | D:7      | 5836 ||| FLEEEEING.
  5837 | D:7      | 5837 ||| FLEEEEING.
  5838 | D:7      | 5838 ||| FLEEEEING.
  5839 | D:7      | 5839 ||| STAIRDANCE
  6058 | D:6      | 6058 ||| READING scroll labelled FIPHESKUCA.
  6058 | D:6      | Identified a scroll of acquirement
  6058 | D:6      | 6058 ||| ACQUIRING +2 crystal plate armour of Hadjma {Str-3
                  | Int+6}
  6058 | D:6      | Acquired the +2 crystal plate armour of Hadjma {Str-3
                  | Int+6}
  6060 | D:6      | 6060 ||| UPGRADING to +2 crystal plate armour of Hadjma
                  | {Str-3 Int+6}.
  6070 | D:6      | 6070 ||| DROPPING +0 chain mail.
  6071 | D:6      | 6071 ||| DROPPING +6 scale mail of the Valley of Death
                  | {Harm Stlth+}.
  6074 | D:7      | 6074 ||| STAIRDANCE
  6080 | D:6      | 6080 ||| INVOKING Heroism.
  6201 | D:7      | 6201 ||| INVOKING Heroism.
  6214 | D:7      | Killed Maggie
  6215 | D:7      | Reached XP level 9. HP: 49/54 MP: 9/12
  6667 | D:7      | 6667 ||| READING 6 scrolls of identify.
  6667 | D:7      | 6667 ||| IDENTIFYING murky amethyst potion
  6668 | D:7      | 6668 ||| DROPPING potion of ambrosia.
  6698 | D:8      | Found Veivuv's Antique Armour Emporium.
  6701 | D:8      | 6701 ||| SHOPLISTING glowing plate armour (468 gold, have
                  | 329).
  6706 | D:8      | 6706 ||| INVOKING Heroism.
  6710 | D:8      | Noticed Pikel
  6714 | D:8      | Reached skill level 6 in Armour
  6728 | D:8      | 6728 ||| INVOKING Heroism.
  6732 | D:8      | Killed Pikel
  6736 | D:8      | Reached ** piety under Okawaru
  6737 | D:8      | Reached skill level 1 in Throwing
  6872 | D:8      | 6872 ||| INVOKING Heroism.
  7034 | D:8      | 7034 ||| Stepping ~*~*~tactically~*~*~ (hiding).
  7035 | D:8      | 7035 ||| Stepping ~*~*~tactically~*~*~ (hiding).
  7036 | D:8      | 7036 ||| Stepping ~*~*~tactically~*~*~ (hiding).
  7137 | D:8      | 7137 ||| READING scroll of enchant weapon.
  7137 | D:8      | 7137 ||| ENCHANTING +1 vampiric war axe.
  7153 | D:8      | Noticed a troll
  7154 | D:8      | 7154 ||| INVOKING Heroism.
  7160 | D:8      | Killed a troll
  7161 | D:8      | Reached skill level 8 in Axes
  7169 | D:8      | Found a bloodstained altar of Trog.
  7180 | D:8      | Found a shimmering blue altar of Sif Muna.
  7182 | D:8      | 7182 ||| INVOKING Heroism.
  7191 | D:8      | Reached XP level 10. HP: 55/59 MP: 11/13
  7353 | D:8      | 7353 ||| Stepping ~*~*~tactically~*~*~ (hiding).
  7354 | D:8      | 7354 ||| Stepping ~*~*~tactically~*~*~ (hiding).
  7546 | D:8      | 7546 ||| INVOKING Heroism.
  7585 | D:8      | Identified the +0 chain mail "Pexiem" {Int+6 Dex+4 Slay+4}
  7706 | D:8      | 7706 ||| READING 6 scrolls of identify.
  7706 | D:8      | 7706 ||| IDENTIFYING silvery potion
  7723 | D:9      | Reached skill level 6 in Fighting
  7863 | D:9      | 7863 ||| Stepping ~*~*~tactically~*~*~ (hiding).
  7881 | D:9      | 7881 ||| Stepping ~*~*~tactically~*~*~ (stealth).
  7895 | D:9      | 7895 ||| Stepping ~*~*~tactically~*~*~ (stealth).
  7902 | D:9      | Reached *** piety under Okawaru
  7914 | D:9      | 7914 ||| Stepping ~*~*~tactically~*~*~ (stealth).
  7915 | D:9      | 7915 ||| Stepping ~*~*~tactically~*~*~ (stealth).
  7917 | D:9      | 7917 ||| Stepping ~*~*~tactically~*~*~ (hiding).
  7941 | D:9      | 7941 ||| INVOKING Heroism.
  8021 | D:9      | 8021 ||| Stepping ~*~*~tactically~*~*~ (stealth).
  8055 | D:9      | Found a staircase to the Orcish Mines.
  8119 | D:9      | Noticed Maurice
  8128 | D:9      | 8128 ||| INVOKING Heroism.
  8134 | D:9      | HP: 15/60 [disintegration (7)]
  8135 | D:9      | 8135 ||| READING scroll of teleportation.
  8136 | D:9      | 8136 ||| DRINKING potion of heal wounds.
  8138 | D:9      | HP: 6/60 [orc priest/divine providence (16)]
  8464 | D:9      | 8464 ||| Stepping ~*~*~tactically~*~*~ (stealth).
  8466 | D:9      | 8466 ||| Stepping ~*~*~tactically~*~*~ (stealth).
  8467 | D:9      | 8467 ||| Stepping ~*~*~tactically~*~*~ (stealth).
  8475 | D:9      | 8475 ||| INVOKING Heroism.
  8481 | D:9      | Reached skill level 9 in Axes
  8493 | D:9      | Noticed a two-headed ogre
  8494 | D:9      | 8494 ||| Stepping ~*~*~tactically~*~*~ (stealth).
  8495 | D:9      | 8495 ||| INVOKING Heroism.
  8507 | D:9      | Killed a two-headed ogre
  8540 | D:9      | 8540 ||| INVOKING Heroism.
  8547 | D:9      | 8547 ||| Stepping ~*~*~tactically~*~*~ (water).
  8594 | D:9      | Found a sparkling altar of Nemelex Xobeh.
  8696 | D:9      | 8696 ||| Stepping ~*~*~tactically~*~*~ (hiding).
  8699 | D:9      | 8699 ||| Stepping ~*~*~tactically~*~*~ (hiding).
  8705 | D:9      | 8705 ||| Stepping ~*~*~tactically~*~*~ (hiding).
  8715 | D:9      | HP: 10/63 [disintegration (8)]
  8736 | D:9      | 8736 ||| INVOKING Heroism.
  8753 | D:9      | Killed Maurice
  8753 | D:9      | Reached **** piety under Okawaru
  9013 | D:9      | Noticed a kobold demonologist
  9017 | D:9      | Noticed a rust devil
  9021 | D:9      | 9021 ||| INVOKING Heroism.
  9037 | D:9      | Noticed a sixfirhy
  9042 | D:9      | 9042 ||| INVOKING Heroism.
  9055 | D:9      | 9055 ||| READING scroll of teleportation.
  9219 | D:9      | Found a staircase to the Lair.
  9305 | D:9      | 9305 ||| INVOKING Heroism.
  9313 | D:9      | Reached skill level 9 in Shields
  9341 | D:9      | 9341 ||| PLANNING LAIR
  9341 | D:9      | 9341 ||| UPGRADING to +0 pair of boots.
  9346 | D:9      | 9346 ||| UPGRADING to amulet of reflection.
  9356 | D:9      | 9356 ||| DROPPING amulet of the acrobat.
  9357 | D:9      | 9357 ||| READING 2 scrolls labelled BYID ROKUMP.
  9358 | D:9      | 9358 ||| DROPPING scroll of immolation.
  9416 | Lair:1   | Entered Level 1 of the Lair of Beasts
  9430 | Lair:1   | 9430 ||| INVOKING Heroism.
  9445 | Lair:1   | Reached XP level 11. HP: 67/67 MP: 12/14
  9462 | Lair:1   | Reached skill level 9 in Armour
  9539 | Lair:1   | 9539 ||| INVOKING Heroism.
  9552 | Lair:1   | 9552 ||| Stepping ~*~*~tactically~*~*~ (stealth).
  9555 | Lair:1   | 9555 ||| Stepping ~*~*~tactically~*~*~ (stealth).
  9564 | Lair:1   | 9564 ||| INVOKING Heroism.
  9580 | Lair:1   | Reached skill level 6 in Invocations
  9583 | Lair:1   | 9583 ||| Stepping ~*~*~tactically~*~*~ (stealth).
  9592 | Lair:1   | 9592 ||| INVOKING Heroism.
  9620 | Lair:1   | 9620 ||| INVOKING Heroism.
  9704 | Lair:1   | 9704 ||| Stepping ~*~*~tactically~*~*~ (stealth).
  9706 | Lair:1   | 9706 ||| Stepping ~*~*~tactically~*~*~ (stealth).
  9712 | Lair:1   | 9712 ||| Stepping ~*~*~tactically~*~*~ (stealth).
  9714 | Lair:1   | 9714 ||| Stepping ~*~*~tactically~*~*~ (stealth).
  9720 | Lair:1   | Reached skill level 10 in Axes
  9723 | Lair:1   | 9723 ||| INVOKING Heroism.
  9736 | Lair:1   | Noticed Grum
  9741 | Lair:1   | Received a gift from Okawaru
  9762 | Lair:1   | 9762 ||| INVOKING Heroism.
  9767 | Lair:1   | Killed Grum
  9800 | Lair:1   | 9800 ||| READING scroll of acquirement.
  9800 | Lair:1   | 9800 ||| ACQUIRING +3 broad axe of draining
  9800 | Lair:1   | Acquired a +3 broad axe of draining
  9902 | Lair:1   | 9902 ||| READING scroll of acquirement.
  9902 | Lair:1   | 9902 ||| ACQUIRING +2 pair of gloves of Qimehat {rF+ rC+}
  9902 | Lair:1   | Acquired the +2 pair of gloves of Qimehat {rF+ rC+}
  9904 | Lair:1   | 9904 ||| UPGRADING to +2 pair of gloves of Qimehat {rF+
                  | rC+}.
  9914 | Lair:1   | 9914 ||| DROPPING +2 pair of gloves.
  9998 | Lair:1   | 9998 ||| Stepping ~*~*~tactically~*~*~ (stealth).
  9999 | Lair:1   | 9999 ||| Stepping ~*~*~tactically~*~*~ (stealth).
 10000 | Lair:1   | 10000 ||| Stepping ~*~*~tactically~*~*~ (stealth).
 10100 | Lair:1   | 10100 ||| INVOKING Heroism.
 10244 | Lair:1   | 10244 ||| Stepping ~*~*~tactically~*~*~ (stealth).
 10246 | Lair:1   | 10246 ||| INVOKING Heroism.
 10261 | Lair:1   | Reached ***** piety under Okawaru
 10266 | Lair:1   | Received a gift from Okawaru
 10407 | Lair:2   | Noticed Amaemon
 10408 | Lair:2   | 10408 ||| INVOKING Heroism.
 10427 | Lair:2   | 10427 ||| INVOKING Heroism.
 10429 | Lair:2   | Killed Amaemon
 10430 | Lair:2   | Found an ornate altar of the Wu Jian Council.
 10511 | Lair:2   | Reached skill level 3 in Throwing
 10586 | Lair:2   | Found a runed translucent gate.
 10586 | Lair:2   | Found a runed translucent gate.
 10586 | Lair:2   | Found a runed translucent gate.
 10591 | Lair:2   | Noticed qw's ghost (journeyman GrFi)
 10696 | Lair:2   | 10696 ||| Stepping ~*~*~tactically~*~*~ (hiding).
 10730 | Lair:2   | Reached skill level 9 in Invocations
 10733 | Lair:2   | Reached XP level 12. HP: 73/73 MP: 18/18
 10758 | Lair:2   | 10758 ||| Stepping ~*~*~tactically~*~*~ (stealth).
 10762 | Lair:2   | 10762 ||| Stepping ~*~*~tactically~*~*~ (stealth).
 10783 | Lair:2   | Received a gift from Okawaru
 10806 | Lair:2   | Found a staircase to the Snake Pit.
 11020 | Lair:2   | 11020 ||| DRINKING 2 bubbling blue potions.
 11021 | Lair:2   | 11021 ||| DROPPING potion of brilliance.
 11075 | Lair:3   | Noticed a seven-headed hydra
 11075 | Lair:3   | Found a staircase to the Shoals.
 11076 | Lair:3   | 11076 ||| INVOKING Heroism.
 11077 | Lair:3   | 11077 ||| INVOKING Finesse.
 11078 | Lair:3   | 11078 ||| STAIRDANCE
 11126 | Lair:3   | 11126 ||| STAIRDANCE
 11128 | Lair:2   | 11128 ||| INVOKING Heroism.
 11129 | Lair:2   | 11129 ||| SWAPPING to +1 war axe of flaming.
 11135 | Lair:2   | Killed a one-headed hydra
 11136 | Lair:2   | 11136 ||| SWAPPING to +2 vampiric war axe.
 11139 | Lair:2   | Identified the +1 buckler of the Greedy {Will- Str+6}
                  | (Okawaru gifted it to you on level 2 of the Lair of Beasts)
 11139 | Lair:2   | Received a gift from Okawaru
 11235 | Lair:3   | 11235 ||| STAIRDANCE
 11251 | Lair:3   | 11251 ||| STAIRDANCE
 11259 | Lair:3   | 11259 ||| INVOKING Heroism.
 11272 | Lair:3   | Reached skill level 11 in Axes
 11281 | Lair:3   | 11281 ||| Stepping ~*~*~tactically~*~*~ (hiding).
 11281 | Lair:3   | Noticed a four-headed hydra
 11282 | Lair:3   | 11282 ||| Stepping ~*~*~tactically~*~*~ (hiding).
 11283 | Lair:3   | 11283 ||| INVOKING Finesse.
 11288 | Lair:3   | 11288 ||| SWAPPING to +1 war axe of flaming.
 11293 | Lair:3   | Killed a two-headed hydra
 11294 | Lair:3   | 11294 ||| SWAPPING to +2 vampiric war axe.
 11325 | Lair:3   | 11325 ||| INVOKING Heroism.
 11329 | Lair:3   | 11329 ||| Stepping ~*~*~tactically~*~*~ (stealth).
 11353 | Lair:3   | 11353 ||| INVOKING Heroism.
 11410 | Lair:3   | 11410 ||| READING scroll of enchant weapon.
 11410 | Lair:3   | 11410 ||| ENCHANTING +2 vampiric war axe.
 11442 | Lair:3   | 11442 ||| INVOKING Heroism.
 11534 | Lair:3   | 11534 ||| Stepping ~*~*~tactically~*~*~ (stealth).
 11676 | Lair:3   | 11676 ||| Stepping ~*~*~tactically~*~*~ (stealth).
 11679 | Lair:3   | 11679 ||| Stepping ~*~*~tactically~*~*~ (stealth).
 11684 | Lair:3   | 11684 ||| Stepping ~*~*~tactically~*~*~ (stealth).
 11685 | Lair:3   | 11685 ||| Stepping ~*~*~tactically~*~*~ (stealth).
 11694 | Lair:3   | Reached skill level 9 in Fighting
 11726 | Lair:3   | 11726 ||| Stepping ~*~*~tactically~*~*~ (hiding).
 11752 | Lair:3   | You fall into a shaft and drop 2 floors!
 11752 | Lair:5   | Entered Level 5 of the Lair of Beasts
 11771 | Lair:5   | Found a viscous altar of Jiyva.
 11771 | Lair:5   | Found a staircase to the Slime Pits.
 11774 | Lair:5   | 11774 ||| Stepping ~*~*~tactically~*~*~ (stealth).
 11777 | Lair:5   | 11777 ||| Stepping ~*~*~tactically~*~*~ (stealth).
 11778 | Lair:5   | 11778 ||| Stepping ~*~*~tactically~*~*~ (stealth).
 11779 | Lair:5   | 11779 ||| Stepping ~*~*~tactically~*~*~ (stealth).
 11780 | Lair:5   | 11780 ||| Stepping ~*~*~tactically~*~*~ (stealth).
 11781 | Lair:5   | 11781 ||| Stepping ~*~*~tactically~*~*~ (stealth).
 11782 | Lair:5   | 11782 ||| Stepping ~*~*~tactically~*~*~ (stealth).
 11783 | Lair:5   | 11783 ||| INVOKING Heroism.
 11788 | Lair:5   | 11788 ||| READING 6 scrolls of identify.
 11788 | Lair:5   | 11788 ||| IDENTIFYING fuming black potion
 11788 | Lair:5   | HP: 19/76 [acid (7)]
 11789 | Lair:5   | 11789 ||| READING scroll of teleportation.
 11790 | Lair:5   | 11790 ||| Stepping randomly (stuck).
 11794 | Lair:5   | 11794 ||| Stepping ~*~*~tactically~*~*~ (stealth).
 11795 | Lair:5   | 11795 ||| DRINKING potion of heal wounds.
 11802 | Lair:5   | 11802 ||| INVOKING Heroism.
 11804 | Lair:5   | Reached XP level 13. HP: 50/80 MP: 17/20
 11854 | Lair:5   | 11854 ||| INVOKING Heroism.
 11861 | Lair:5   | Received a gift from Okawaru
 11862 | Lair:5   | Reached skill level 12 in Axes
 11875 | Lair:5   | 11875 ||| Stepping ~*~*~tactically~*~*~ (stealth).
 11918 | Lair:5   | 11918 ||| INVOKING Heroism.
 11963 | Lair:5   | 11963 ||| INVOKING Finesse.
 11966 | Lair:5   | 11966 ||| SWAPPING to +1 war axe of flaming.
 11968 | Lair:5   | 11968 ||| SWAPPING to +3 vampiric war axe.
 12014 | Lair:4   | 12014 ||| INVOKING Heroism.
 12030 | Lair:4   | Received a gift from Okawaru
 12272 | Lair:4   | 12272 ||| STAIRDANCE
 12283 | Lair:4   | 12283 ||| STAIRDANCE
 12317 | Lair:4   | 12317 ||| STAIRDANCE
 12427 | Lair:4   | 12427 ||| INVOKING Heroism.
 12435 | Lair:4   | Reached skill level 12 in Armour
 12481 | Lair:4   | 12481 ||| Stepping ~*~*~tactically~*~*~ (stealth).
 12483 | Lair:4   | 12483 ||| Stepping ~*~*~tactically~*~*~ (stealth).
 12504 | Lair:4   | 12504 ||| Stepping ~*~*~tactically~*~*~ (stealth).
 12507 | Lair:4   | 12507 ||| Stepping ~*~*~tactically~*~*~ (stealth).
 12508 | Lair:4   | 12508 ||| Stepping ~*~*~tactically~*~*~ (stealth).
 12511 | Lair:4   | 12511 ||| INVOKING Heroism.
 12603 | Lair:4   | 12603 ||| INVOKING Heroism.
 12604 | Lair:4   | 12604 ||| SWAPPING to +1 war axe of flaming.
 12611 | Lair:4   | 12611 ||| SWAPPING to +3 vampiric war axe.
 12856 | Lair:4   | 12856 ||| INVOKING Heroism.
 13011 | Lair:4   | Received a gift from Okawaru
 13011 | Lair:4   | Found the +1 robe of Vines {NoPotionHeal Regen++++}
 13149 | Lair:4   | 13149 ||| Stepping ~*~*~tactically~*~*~ (stealth).
 13362 | Lair:5   | 13362 ||| INVOKING Heroism.
 13363 | Lair:5   | 13363 ||| INVOKING Finesse.
 13419 | Lair:5   | 13419 ||| INVOKING Heroism.
 13430 | Lair:5   | 13430 ||| Stepping ~*~*~tactically~*~*~ (stealth).
 13449 | Lair:5   | 13449 ||| Stepping ~*~*~tactically~*~*~ (stealth).
 13468 | Lair:5   | 13468 ||| Stepping ~*~*~tactically~*~*~ (stealth).
 13496 | Lair:5   | 13496 ||| Stepping ~*~*~tactically~*~*~ (stealth).
 13500 | Lair:5   | 13500 ||| Stepping ~*~*~tactically~*~*~ (stealth).
 13529 | Lair:5   | 13529 ||| INVOKING Heroism.
 13574 | Lair:5   | 13574 ||| INVOKING Heroism.
 13598 | Lair:5   | 13598 ||| INVOKING Finesse.
 13602 | Lair:5   | 13602 ||| SWAPPING to +1 war axe of flaming.
 13612 | Lair:5   | Gained mutation: Your large and strong wings let you fly.
                  | [Gargoyle growth]
 13612 | Lair:5   | Reached XP level 14. HP: 79/88 MP: 16/21
 13612 | Lair:5   | 13612 ||| SWAPPING to +3 vampiric war axe.
 13717 | Lair:5   | 13717 ||| Stepping ~*~*~tactically~*~*~ (stealth).
 13796 | Lair:5   | 13796 ||| INVOKING Heroism.
 13811 | Lair:5   | Reached skill level 13 in Axes
 13842 | Lair:5   | Identified the +2 leather armour "Asuon" {*Slow rC+ Will++
                  | Dex+4}
 14104 | Lair:5   | 14104 ||| Stepping ~*~*~tactically~*~*~ (stealth).
 14107 | Lair:5   | 14107 ||| Stepping ~*~*~tactically~*~*~ (stealth).
 14120 | Lair:5   | 14120 ||| INVOKING Heroism.
 14413 | Lair:5   | 14413 ||| PLANNING D:1-11
 14490 | D:10     | Entered Level 10 of the Dungeon
 14565 | D:10     | 14565 ||| Stepping ~*~*~tactically~*~*~ (stealth).
 14566 | D:10     | 14566 ||| Stepping ~*~*~tactically~*~*~ (stealth).
 14607 | D:10     | 14607 ||| INVOKING Heroism.
 14638 | D:10     | 14638 ||| Stepping ~*~*~tactically~*~*~ (stealth).
 14640 | D:10     | 14640 ||| INVOKING Heroism.
 14661 | D:10     | Found Sadghop's Antique Weapon Emporium.
 14751 | D:10     | 14751 ||| Stepping ~*~*~tactically~*~*~ (stealth).
 14753 | D:10     | 14753 ||| Stepping ~*~*~tactically~*~*~ (stealth).
 14754 | D:10     | 14754 ||| Stepping ~*~*~tactically~*~*~ (stealth).
 15155 | D:10     | 15155 ||| UPGRADING to +2 hat.
 15160 | D:10     | 15160 ||| DROPPING +6 ring of intelligence.
 15161 | D:10     | 15161 ||| READING scroll labelled JOKIMN BYENUUL.
 15310 | D:11     | 15310 ||| Stepping ~*~*~tactically~*~*~ (hiding).
 15366 | D:11     | 15366 ||| Stepping ~*~*~tactically~*~*~ (hiding).
 15623 | D:11     | 15623 ||| Stepping ~*~*~tactically~*~*~ (hiding).
 15645 | D:11     | 15645 ||| READING scroll of enchant weapon.
 15645 | D:11     | 15645 ||| ENCHANTING +3 vampiric war axe.
 15820 | D:11     | 15820 ||| Stepping ~*~*~tactically~*~*~ (hiding).
 15821 | D:11     | 15821 ||| Stepping ~*~*~tactically~*~*~ (hiding).
 15822 | D:11     | 15822 ||| Stepping ~*~*~tactically~*~*~ (hiding).
 15987 | D:11     | 15987 ||| Stepping ~*~*~tactically~*~*~ (hiding).
 15990 | D:11     | 15990 ||| FLEEEEING.
 15991 | D:11     | 15991 ||| FLEEEEING.
 15992 | D:11     | 15992 ||| FLEEEEING.
 15999 | D:11     | 15999 ||| INVOKING Heroism.
 16157 | D:11     | 16157 ||| PLANNING D
 16252 | D:12     | 16252 ||| Stepping randomly (disturbance).
 16284 | D:12     | 16284 ||| INVOKING Heroism.
 16324 | D:12     | 16324 ||| Stepping ~*~*~tactically~*~*~ (stealth).
 16326 | D:12     | 16326 ||| Stepping ~*~*~tactically~*~*~ (hiding).
 16327 | D:12     | 16327 ||| Stepping ~*~*~tactically~*~*~ (hiding).
 16328 | D:12     | 16328 ||| Stepping ~*~*~tactically~*~*~ (hiding).
 16330 | D:12     | 16330 ||| Stepping ~*~*~tactically~*~*~ (hiding).
 16372 | D:12     | 16372 ||| Stepping ~*~*~tactically~*~*~ (stealth).
 16373 | D:12     | 16373 ||| Stepping ~*~*~tactically~*~*~ (stealth).
 16374 | D:12     | 16374 ||| Stepping ~*~*~tactically~*~*~ (stealth).
 16375 | D:12     | 16375 ||| Stepping ~*~*~tactically~*~*~ (stealth).
 16376 | D:12     | 16376 ||| Stepping ~*~*~tactically~*~*~ (stealth).
 16377 | D:12     | 16377 ||| Stepping ~*~*~tactically~*~*~ (stealth).
 16378 | D:12     | 16378 ||| Stepping ~*~*~tactically~*~*~ (stealth).
 16379 | D:12     | 16379 ||| Stepping ~*~*~tactically~*~*~ (stealth).
 16380 | D:12     | 16380 ||| Stepping ~*~*~tactically~*~*~ (stealth).
 16381 | D:12     | 16381 ||| Stepping ~*~*~tactically~*~*~ (stealth).
 16390 | D:12     | 16390 ||| FLEEEEING.
 16391 | D:12     | 16391 ||| FLEEEEING.
 16392 | D:12     | 16392 ||| FLEEEEING.
 16393 | D:12     | 16393 ||| FLEEEEING.
 16394 | D:12     | 16394 ||| FLEEEEING.
 16462 | D:12     | 16462 ||| Stepping ~*~*~tactically~*~*~ (stealth).
 16463 | D:12     | 16463 ||| Stepping ~*~*~tactically~*~*~ (hiding).
 16464 | D:12     | 16464 ||| Stepping ~*~*~tactically~*~*~ (hiding).
 16467 | D:12     | 16467 ||| Stepping ~*~*~tactically~*~*~ (hiding).
 16470 | D:12     | 16470 ||| INVOKING Heroism.
 16482 | D:12     | 16482 ||| Stepping ~*~*~tactically~*~*~ (hiding).
 16585 | D:12     | Found a portal to a secret trove of treasure.
 16631 | D:12     | Noticed Rupert
 16631 | D:12     | 16631 ||| INVOKING Heroism.
 16632 | D:12     | 16632 ||| INVOKING Finesse.
 16670 | D:12     | Killed Rupert
 16671 | D:12     | Reached skill level 14 in Axes
 16991 | D:12     | 16991 ||| Stepping ~*~*~tactically~*~*~ (hiding).
 16992 | D:12     | 16992 ||| Stepping ~*~*~tactically~*~*~ (hiding).
 16993 | D:12     | 16993 ||| Stepping ~*~*~tactically~*~*~ (hiding).
 17014 | D:12     | 17014 ||| Stepping ~*~*~tactically~*~*~ (hiding).
 17100 | D:12     | 17100 ||| FLEEEEING.
 17101 | D:12     | 17101 ||| FLEEEEING.
 17131 | D:12     | HP: 13/88 [something (13)]
 17264 | D:12     | 17264 ||| FLEEEEING.
 17265 | D:12     | 17265 ||| FLEEEEING.
 17355 | D:12     | 17355 ||| READING 3 scrolls of acquirement.
 17355 | D:12     | 17355 ||| ACQUIRING +0 pair of boots of the Sky {Rampage
                  | *Corrode SInv}
 17355 | D:12     | Acquired the +0 pair of boots of the Sky {Rampage *Corrode
                  | SInv}
 17357 | D:12     | 17357 ||| UPGRADING to +0 pair of boots of the Sky {Rampage
                  | *Corrode SInv}.
 17362 | D:12     | 17362 ||| Stepping ~*~*~tactically~*~*~ (hiding).
 17372 | D:12     | 17372 ||| INVOKING Heroism.
 17378 | D:12     | 17378 ||| DRINKING 2 potions of curing.
 17378 | D:12     | 17378 ||| (to cure confusion)
 17384 | D:12     | 17384 ||| DRINKING potion of curing.
 17384 | D:12     | 17384 ||| (to cure confusion)
 17386 | D:12     | Identified the +0 leather armour "Vocavuagg" {Rampage Str-3
                  | Int+4}
 17400 | D:12     | 17400 ||| FLEEEEING.
 17400 | D:12     | HP: 21/90 [something (11)]
 17403 | D:12     | 17403 ||| FLEEEEING.
 17408 | D:12     | Killed from afar by a deep elf knight

Levels and vault maps discovered:
D:1:      sevenhm_arrival_forest_fort_small_6, layout_basic, serial_shops,
          shop_coins, nicolae_shop_stone,
          nicolae_shop_temple_entry_statues_fountains, shop,
          nicolae_concentric_dashed_squares_wild, minmay_split_cup_large
D:2:      layout_basic, basic_altar, minmay_quantized, uniq_terence
D:3:      minmay_octagon_keep, layout_basic,
          mainiacjoe_overflow_surrounded_room, serial_curves, eino_curves_04,
          eino_curves_03, minmay_misc_feat_four_crosses, minivault_4,
          chequers_serial_rivers_small_3
D:4:      layout_loops_corners, mainiacjoe_overflow_concentric_impassable,
          minmay_temple_entry_trees, serial_shops, shop, hex_tiny
D:5:      layout_cave_pools, mainiacjoe_overflow_divided_tiny, elyvilon_altar_3,
          uniq_grinder
D:6:      layout_cave_pools
D:7:      layout_gridville, minmay_misc_feat_x, uniq_maggie
D:8:      layout_cave_pools, nzn_overflow_gifts_of_might_and_magic,
          serial_shops, nicolae_stop_n_shop_2, uniq_pikel
D:9:      layout_long_grid, nemelex_diamond_rough_becter, lair_entry_dummy,
          erik_orc_3, kennysheep_pointless_box, serial_bayou_pond_b,
          uniq_maurice
D:10:     layout_irregular_city, serial_shops, shop
D:11:     layout_loops_cross
D:12:     minmay_elf_outpost, layout_basic, enter_trove_5, minmay_fountain_box,
          uniq_rupert
Lair:1:   layout_roguey, minivault_26, grunt_megastairs_3,
          infiniplex_staircase_pool, uniq_grum
Lair:2:   layout_roguey, dummy_snake_entry, ebering_ghost_rock_garden,
          basic_altar, uniq_amaemon
Lair:3:   layout_misc_corridors, minmay_shoals_entry_beasts
Lair:4:   layout_hall_layers, nicolae_volcano_entry_s_turn, lemuel_fruit_tree
Lair:5:   minmay_lair_end_frog_pond, layout_regular_city,
          nicolae_slime_entry_slimehenge, minivault_26

Skill      XL: |  1  2  3  4  5  6  7  8  9 10 11 12 13 14 |
---------------+-------------------------------------------+-----
Axes           | 2 3 4 5 6 7 8 9 10 11 12 14 | 14.0
Fighting       | 4 5 7 8 9 10 11 | 11.0
Shields        | 4 6 8 9 10 11 | 11.1
Dodging        | 1 |  1.2
Invocations    | 1 4 9 10 | 10.1
Armour         | 4 6 8 9 10 12 13 | 13.0
Throwing       | 1 3 4 5 |  5.1

Action                   |  1- 3 |  4- 6 |  7- 9 | 10-12 | 13-15 || total
-------------------------+-------+-------+-------+-------+-------++-------
Melee: War axe           |    99 |   182 |   232 |   729 |   682 ||  1924
Throw: Boomerang         |       |       |    24 |     4 |       ||    28
       Javelin           |       |       |       |    43 |    78 ||   121
Invok: Heroism           |       |       |    14 |    29 |    20 ||    63
       Finesse           |       |       |       |     2 |     4 ||     6
  Use: Scroll            |     5 |     8 |     8 |     9 |     3 ||    33
       Potion            |     1 |     1 |       |     3 |     2 ||     7
Armor: Scale mail        |    65 |    50 |       |       |       ||   115
       Chain mail        |       |    61 |    58 |       |       ||   119
       Crystal plate arm |       |       |   115 |   421 |   393 ||   929
Dodge: Dodged            |    49 |    63 |    73 |   120 |    97 ||   402
Block: Buckler           |    17 |    31 |       |       |       ||    48
       Kite shield       |       |    25 |   172 |   601 |   540 ||  1338
       Reflection        |       |       |       |     1 |    21 ||    22

Table legend:
 A = Non-vault XP
 B = Vault XP
 C = Vault XP percentage of total XP
 D = Non-vault monster count
 E = Vault monster count
 F = Vault count percentage of total count
                 A         B        C        D         E       F
            +---------+---------+-------+---------+---------+-------
      Total |   50772 |   28386 |  35.9 |     324 |     117 |  26.5
            +---------+---------+-------+---------+---------+-------
        D:1 |      26 |       8 |  23.5 |      15 |       5 |  25.0
        D:2 |      52 |      44 |  45.8 |      22 |       6 |  21.4
        D:3 |      71 |      42 |  37.2 |      11 |      10 |  47.6
        D:4 |     477 |       0 |   0.0 |      20 |       0 |   0.0
        D:5 |     441 |     277 |  38.6 |      12 |       1 |   7.7
        D:6 |     331 |       0 |   0.0 |      10 |       0 |   0.0
        D:7 |     492 |     385 |  43.9 |      11 |       1 |   8.3
        D:8 |    1629 |    1141 |  41.2 |      25 |       3 |  10.7
        D:9 |    1747 |    1834 |  51.2 |      12 |      23 |  65.7
       D:10 |    2382 |       0 |   0.0 |      13 |       0 |   0.0
       D:11 |    2528 |       0 |   0.0 |      12 |       0 |   0.0
       D:12 |    2557 |   11221 |  81.4 |      10 |      16 |  61.5
     Lair:1 |    5718 |    1247 |  17.9 |      33 |       7 |  17.5
     Lair:2 |    7112 |    1745 |  19.7 |      27 |       3 |  10.0
     Lair:3 |    6567 |     283 |   4.1 |      29 |       1 |   3.3
     Lair:4 |    7682 |       0 |   0.0 |      33 |       0 |   0.0
     Lair:5 |   10960 |   10159 |  48.1 |      29 |      41 |  58.6
            +---------+---------+-------+---------+---------+-------
